 Dungeon Crawl Stone Soup version 0.16.2-12-gd0ad4c3 (webtiles) character file.

89 Peloso the Shield-Bearer (level 4, 0/40 HPs)
             Began as a Minotaur Fighter on Oct 13, 2015.
             Killed from afar by an orc wizard (8 damage)
             ... with a magic dart
             ... on level 3 of the Dungeon.
             The game lasted 00:05:17 (1323 turns).

Peloso the Shield-Bearer (Minotaur Fighter)         Turns: 1323, Time: 00:05:17

Health: 0/40       AC:  7    Str: 25    XL:     4   Next: 31%
Magic:  2/2        EV:  8    Int:  5    God:
Gold:   78         SH: 10    Dex: 11    Spells: 0 memorised, 3 levels left

rFire  . . .     SeeInvis .     a - +0 long sword
rCold  . . .     Clarity  .     b - +0 scale mail
rNeg   . . .     SustAb   .     c - +0 shield
rPois  .         Gourm    +     (helmet restricted)
rElec  .         Spirit   .     (no cloak)
rCorr  .         Warding  .     (no gloves)
rMut   .         Stasis   .     (no boots)
MR     .....                    l - amulet of the gourmand
Stlth  ..........               (no ring)
                                (no ring)

@: mighty, lethally poisoned (0 -> 0), not resistant to hostile enchantments,
extremely unstealthy
A: retaliatory headbutt, horns 2
a: no special abilities


You were on level 3 of the Dungeon.
You were very full.

You visited 1 branch of the dungeon, and saw 3 of its levels.

You collected 78 gold pieces.

Inventory:

Hand weapons
 a - a +0 long sword (weapon)
Armour
 b - a +0 scale mail (worn)
 c - a +0 shield (worn)
Jewellery
 l - an amulet of the gourmand (around neck)
Scrolls
 g - a scroll of random uselessness {unknown}
 i - 3 scrolls of identify {unknown}
 j - 2 scrolls of enchant armour {unknown}
Potions
 f - a potion of restore abilities {unknown}
 h - a potion of invisibility {unknown}
 k - a potion of haste {unknown}
 m - a potion of ambrosia {unknown}
 n - a potion of curing {unknown}
 o - a potion of poison {unknown}
 q - a potion of agility {unknown}
Comestibles
 d - a bread ration
 p - 2 meat rations
 r - 2 chunks of flesh


   Skills:
 + Level 4.2 Fighting
 + Level 2.7 Long Blades
 + Level 4.6 Armour
 + Level 1.0 Dodging
 + Level 4.6 Shields


You had 3 spell levels left.
You didn't know any spells.

Dungeon Overview and Level Annotations

Branches:
Dungeon (3/15)

Altars:


Innate Abilities, Weirdness & Mutations

You reflexively headbutt those who attack you in melee.
You have a pair of horns on your head.


Message History

The orc wizard blinks!
You block the orc priest's attack. The orc priest hits you with a trident.
You block the orc wizard's attack. The worm barely misses you.
An ogre comes into view. It is wielding a giant club.
You closely miss the orc priest. Your headbutt misses the orc priest.
You feel sick.
The ogre moves out of view.
You block the orc wizard's attack. The worm barely misses you.
You furiously retaliate!
You headbutt the worm!
The orc wizard gestures at you while chanting.
The magic dart hits you!
* * * LOW HITPOINT WARNING * * *
Drink which item? (? for menu, Esc to quit)
You feel very mighty all of a sudden.
The orc wizard casts a spell.
The orc wizard seems to speed up.
You closely miss the orc. You headbutt the orc.
You kill the orc!
You feel sick.
The orc wizard points at you and mumbles some strange words.
The magic dart hits you!
You die...

##
#.####...##
#..........
##.###...##
##.## #
#.##...###
#........#
####...#.#
##.##.#
...##@#
######)#
#.wo.#
...#o.#
###. .## #.
.# .# #. #
#


You could see a worm, an orc priest and an orc wizard.

Vanquished Creatures
  A worker ant (D:3)
  A gnoll (D:1)
  A giant mite (D:1)
  An adder (D:2)
  An orc (D:3)
  8 bats
  A giant cockroach (D:2)
  10 hobgoblins
  A giant gecko (D:3)
  4 giant newts
  5 goblins
  A quokka (D:2)
  7 rats
42 creatures vanquished.

Notes
Turn   | Place    | Note
--------------------------------------------------------------
     0 | D:1      | Peloso, the Minotaur Fighter, began the quest for the Orb.
     0 | D:1      | Reached XP level 1. HP: 19/19 MP: 1/1
    56 | D:1      | Reached XP level 2. HP: 21/27 MP: 1/1
    86 | D:1      | Reached skill level 4 in Fighting
   764 | D:1      | Reached XP level 3. HP: 33/33 MP: 2/2
  1304 | D:3      | Reached skill level 1 in Dodging
  1304 | D:3      | Reached XP level 4. HP: 23/40 MP: 2/2
  1320 | D:3      | Noticed an ogre
  1323 | D:3      | Killed from afar by an orc wizard

Action                   |  1- 3 |  4- 6 || total
-------------------------+-------+-------++-------
Melee: Long sword        |    96 |     3 ||    99
  Use: Potion            |       |     1 ||     1
  Eat: Chunk             |    17 |     1 ||    18
